 Dungeon Crawl Stone Soup version 0.18.1-50-g88ac8fd (webtiles) character file.

96 lorenzova the Poker (level 4, -1/33 HPs)
             Began as a Merfolk Skald on Oct 17, 2016.
             Slain by a giant gecko (2 damage)
             ... on level 3 of the Dungeon.
             The game lasted 00:02:47 (1822 turns).

lorenzova the Poker (Merfolk Skald)                 Turns: 1822, Time: 00:02:48

Health: -1/33      AC:  3    Str: 13    XL:     4   Next: 67%
Magic:  5/7        EV: 13    Int: 11    God:
Gold:   103        SH:  0    Dex: 13    Spells: 2 memorised, 5 levels left

rFire  . . .     SeeInvis .     a - +0 spear
rCold  . . .     Gourm    .     b - +0 leather armour
rNeg   . . .     Faith    .     (no shield)
rPois  .         Spirit   .     (no helmet)
rElec  .         Dismiss  .     (no cloak)
rCorr  .         Reflect  .     (no gloves)
SustAt .         Harm     .     (no boots)
MR     .....                    (no amulet)
Stlth  +.........               (no ring)
                                (no ring)

@: infused, not resistant to hostile enchantments, very unstealthy
A: change form in water, swift swim
a: no special abilities


You were on level 3 of the Dungeon.
You were not hungry.

You visited 1 branch of the dungeon, and saw 3 of its levels.

You collected 103 gold pieces.

Inventory:

Hand Weapons
 a - a +0 spear (weapon)
Armour
 b - a +0 leather armour (worn)
Jewellery
 e - an uncursed ring of magical power {unknown}
Wands
 m - a wand of polymorph (4/24)
Scrolls
 g - a scroll of recharging {unknown}
 l - 4 scrolls of identify {unknown}
 n - a scroll of immolation {unknown}
 o - a scroll of remove curse {unknown}
Potions
 f - a potion of flight {unknown}
 h - a potion of resistance {unknown}
 k - a potion of agility {unknown}
Books
 c - a book of Battle

   Spells                             Type                      Level
   a - Infusion                       Charms                       1
   b - Shroud of Golubria             Charms/Translocation         2
   c - Song of Slaying                Charms                       2
   d - Spectral Weapon                Hexes/Charms                 3
   e - Regeneration                   Charms/Necromancy            3
Comestibles
 d - 3 bread rations
 i - a beef jerky
 j - 2 fruits


   Skills:
 - Level 2.1 Fighting
 * Level 4.8 Polearms
 - Level 0.6 Armour
 * Level 3.3 Dodging
 + Level 2.5 Spellcasting
 + Level 3.7 Charms


You had 5 spell levels left.
You knew the following spells:

 Your Spells              Type           Power        Failure   Level  Hunger
a - Infusion              Chrm           #...         10%         1    ##.....
b - Song of Slaying       Chrm           #.......     14%         2    ###....


Dungeon Overview and Level Annotations

Branches:
Dungeon (3/15)

Altars:

Annotations:
D:3 lorenzova's ghost, amateur MfSk


Message History

Lorenzova's ghost is moderately damaged.
The giant gecko completely misses you. Lorenzova's ghost barely misses you.
You hit lorenzova's ghost but do no damage.
Lorenzova's ghost is moderately damaged.
The giant gecko barely misses you. Lorenzova's ghost closely misses you.
You completely miss lorenzova's ghost.
Lorenzova's ghost is moderately damaged.
The giant gecko bites you.
* * * LOW HITPOINT WARNING * * *
Lorenzova's ghost hits you but does no damage.
You hit lorenzova's ghost.
Lorenzova's ghost is heavily damaged.
The giant gecko misses you.
Lorenzova's ghost says, "If you think I look tough now, just wait!"
Lorenzova's ghost hits you.
* * * LOW HITPOINT WARNING * * *
You hit lorenzova's ghost but do no damage.
Lorenzova's ghost is heavily damaged.
The giant gecko bites you.
You die...

###### ....#
...# ..# ##
#.#
....###<######
......W......#
.##.###@.###.#
#l.....#
#..###.# ...#
...# ..### ..
...


You could see lorenzova's ghost and a giant gecko.

Vanquished Creatures
  Ijyb (D:2)
  An adder (D:2)
  An ooze (D:1)
  2 worms (D:2)
  3 dart slugs
  2 giant geckos
  A ball python (D:1)
  2 giant cockroaches
  3 goblins (D:1)
  5 hobgoblins (D:1)
  7 jackals (D:2)
  4 kobolds
  5 bats (D:1)
  A giant newt (D:1)
  5 rats
43 creatures vanquished.

Notes
Turn   | Place    | Note
--------------------------------------------------------------
     0 | D:1      | lorenzova the Merfolk Skald began the quest for the Orb.
     0 | D:1      | Reached XP level 1. HP: 16/16 MP: 3/3
   128 | D:1      | Reached XP level 2. HP: 21/22 MP: 5/5
   132 | D:1      | Learned a level 2 spell: Song of Slaying
   456 | D:1      | Reached XP level 3. HP: 27/27 MP: 6/6
   461 | D:1      | Reached skill level 4 in Polearms
  1281 | D:2      | Noticed Ijyb
  1317 | D:2      | Killed Ijyb
  1317 | D:2      | Reached XP level 4. HP: 32/33 MP: 7/7
  1803 | D:3      | Noticed lorenzova's ghost (amateur MfSk)
  1821 | D:3      | HP: 1/33 [lorenzova's ghost (4)]
  1822 | D:3      | Slain by a giant gecko

Skill      XL: |  1  2  3 |
---------------+----------+-----
Dodging        | 2 3 |  3.3
Polearms       | 4 |  4.8
Fighting       | |  2.1
Armour         | |  0.6
Spellcasting   | |  2.5
Charms         | |  3.7

Action                   |  1- 3 |  4- 6 || total
-------------------------+-------+-------++-------
Melee: Spear             |   141 |    66 ||   207
       Unarmed           |     5 |       ||     5
 Cast: Infusion          |     2 |     2 ||     4
  Eat: Chunk             |     1 |     2 ||     3
Armor: Leather armour    |    27 |     9 ||    36
Dodge: Dodged            |    75 |    42 ||   117
